 Dungeon Crawl Stone Soup version 0.29.1-2-gbd0b4ee654 (webtiles) character file.

Game seed: 15449875596183971497

329 Groucho the Covert (level 6, -1/28 HPs)
             Began as a Felid Monk on Nov 5, 2022.
             Was an Initiate of Gozag.
             Succumbed to a kobold brigand's curare-tipped dart
             ... on level 5 of the Dungeon.
             The game lasted 00:05:17 (6331 turns).

Groucho the Covert (Felid Monk)                     Turns: 6331, Time: 00:05:18

Health: -1/28      AC:  2    Str:  9    XL:     6   Next: 25%
Magic:  7/7        EV: 19    Int: 11    God:    Gozag
Gold:   295        SH:  0    Dex: 19    Spells: 5/5 levels left
                                        Lives:  0   Deaths: 1

rFire   . . .      SeeInvis +     - Unarmed
rCold   . . .      Faith    .   (shield unavailable)
rNeg    . . .      Spirit   .   (body armour unavailable)
rPois   .          Reflect  .   (helmet unavailable)
rElec   .          Harm     .   (cloak unavailable)
rCorr   .          Rampage  .   (gloves unavailable)
Will    .....                   (boots unavailable)
Stlth   +++++.....              (no amulet)
HPRegen 0.09/turn               (no ring)
MPRegen 0.10/turn               (no ring)

@: lethally poisoned (-1 -> -10), hasted and slowed, quick
A: very small, claws 1, fangs 3, see invisible, speed 1, shaggy fur 2, stealthy
paws, no weapons or thrown items, no armour, multi-lived
a: Renounce Religion, Potion Petition, Call Merchant, Bribe Branch


You were on level 5 of the Dungeon.
You worshipped Gozag.
Gozag was aware of your devotion.
You visited 1 branch of the dungeon, and saw 5 of its levels.

You collected 295 gold pieces.

Inventory:

Jewellery
 r - a ring of protection from cold
 s - an amulet of magic regeneration
Scrolls
 b - a scroll of fear {unknown}
 d - a scroll of fog {unknown}
 g - a scroll of acquirement {unknown}
 h - 2 scrolls of noise {unknown}
 i - 9 scrolls of identify {unknown}
 l - a scroll of enchant weapon {unknown}
 n - 2 scrolls of silence {unknown}
 p - a scroll of summoning {unknown}
Potions
 a - a potion of ambrosia
 c - a potion of magic {unknown}
 e - a potion of degeneration {unknown}
 f - a potion of brilliance {unknown}
 j - a potion of heal wounds {unknown}
 k - a potion of cancellation {unknown}
 o - a potion of berserk rage {unknown}
 q - 2 potions of curing {unknown}
 t - a potion of resistance {unknown}
 u - a potion of flight {unknown}


   Skills:
 - Level 3.0 Fighting
 - Level 4.0 Dodging
 + Level 10.3 Stealth
 - Level 3.0 Unarmed Combat


You had 5 spell levels left.
You didn't know any spells.
Your spell library contained the following spells:

 Spells                   Type           Power      Damage    Failure   Level
 Sting                    Tmut/Pois      0%         1d3       34%         1
 Poisonous Vapours        Pois/Air       0%         N/A       47%         2
 Olgreb's Toxic Radiance  Pois           0%         N/A       98%         4
 Malign Gateway           Summ/Tloc      0%         N/A       100%        7
 Summon Horrible Things   Summ           0%         N/A       100%        8


Dungeon Overview and Level Annotations

Branches:
Dungeon (5/15)             Temple (0/1) D:5

Altars:
Ashenzari
Gozag


Innate Abilities, Weirdness & Mutations

You have sharp claws.
You have razor-sharp teeth.
You have supernaturally acute eyesight. (SInv)
You cover ground quickly. (Speed+)
You are covered in thick fur. (AC +2)
Your paws help you pounce on unaware monsters.
You are incapable of wielding weapons or throwing items.
You cannot wear armour.
You gain extra lives every three experience levels.


Message History

No target in view!
HP restored.
You now have 295 gold pieces (gained 9). 2 kobolds come into view.
A kobold is wielding a +0 dagger and quivering poisoned darts.
There are monsters nearby!
A kobold brigand comes into view.
It is wielding a +0 dagger and quivering curare-tipped darts.
The kobold shouts! x2; The kobold brigand shouts!
You hear a shout!
The kobold throws a stone.
The stone barely misses you.
The kobold throws a poisoned dart.
The poisoned dart barely misses you.
A kobold comes into view. It is wielding a +0 dagger.
The kobold brigand throws a curare-tipped dart.
The curare-tipped dart closely misses you.
The kobold throws a stone.
The stone hits you.
An iguana comes into view.
An orc comes into view. It is wielding a +1 vorpal mace.
The kobold throws a poisoned dart.
The poisoned dart closely misses you.
The kobold brigand throws a curare-tipped dart.
The curare-tipped dart hits you.
You are poisoned.
You have difficulty breathing.
You feel yourself slow down.
You closely miss the kobold.
You feel very sick. The kobold misses you.
The kobold hits you with a +0 dagger.
* * * LOW HITPOINT WARNING * * *
You are too injured to fight recklessly!
You are too injured to fight recklessly!
You are too injured to fight recklessly!
You are too injured to fight recklessly!
Unknown command.
You feel yourself speed up.
* * * LOW HITPOINT WARNING * * *
You feel very sick.
The iguana hisses angrily.
The kobold hits you but does no damage. The kobold misses you. x2
The kobold hits you with a +0 dagger.
* * * LOW HITPOINT WARNING * * *
Unknown command.
You die...
Your body crumbles into a pile of gold.

#.........
#........#
.........# ..
o........# ...
..l......####....
.......KK........
$
......KK.........
#.....#..........
.......@.........
.....#.#.........
.................
....#.#.#........
..#.......#......
#...#.>.#...#....
..#.......#......
.....#.#.#..[.###.
..............###+


You could see a kobold brigand, an iguana, an orc (wandering) and 3 kobolds.

Vanquished Creatures
  An ogre (D:4)
  A bullfrog (D:4)
  A hound (D:2)
  A jelly (D:4)
  2 orc priests (D:4)
  An iguana (D:5)
  An orc wizard (D:4)
  A gnoll (D:1)
  4 adders
  2 worms
  A dart slug (D:4)
  2 orcs
  6 endoplasms
  6 giant cockroaches
  8 goblins
  3 hobgoblins
  2 quokkas
  9 ball pythons
  4 bats
  5 frilled lizards
  4 kobolds
  3 rats (D:2)
68 creatures vanquished.

Notes
Turn   | Place    | Note
-------+----------+-------------------------------------------
     0 | D:1      | Groucho the Felid Monk began the quest for the Orb.
     0 | D:1      | Reached XP level 1. HP: 10/10 MP: 2/2
    17 | D:1      | Reached skill level 3 in Stealth
   388 | D:1      | Reached skill level 4 in Stealth
   388 | D:1      | Reached XP level 2. HP: 4/14 MP: 3/3
  1627 | D:2      | Reached skill level 5 in Stealth
  1650 | D:2      | Reached XP level 3. HP: 13/17 MP: 4/4
  2606 | D:2      | Reached skill level 6 in Stealth
  2722 | D:2      | Reached XP level 4. HP: 15/21 MP: 5/5
  3847 | D:3      | Reached skill level 7 in Stealth
  4469 | D:3      | Identified the +0 chain mail of Immorality {Str+2 Dex+5}
  5096 | D:4      | Noticed an ogre
  5103 | D:4      | Killed an ogre
  5104 | D:4      | Reached skill level 8 in Stealth
  5104 | D:4      | Reached XP level 5. HP: 24/24 MP: 6/6
  5180 | D:4      | HP: 1/24 [orc wizard/+0 dagger (3)]
  5181 | D:4      | Slain by an orc wizard
  5182 | D:4      | Reached XP level 4. HP: -1/21 MP: 5/5
  5182 | D:4      | Found an opulent altar of Gozag.
  5183 | D:4      | Noticed a bullfrog
  5185 | D:4      | Became a worshipper of Gozag Ym Sagoz the Greedy
  5189 | D:4      | Killed a bullfrog
  5190 | D:4      | Reached skill level 9 in Stealth
  5190 | D:4      | Reached XP level 5. HP: 24/24 MP: 6/6
  5441 | D:4      | Found a broken altar of Ashenzari.
  5950 | D:4      | Gained mutation: You are covered in thick fur. (AC +2)
                  | [Felid growth]
  5950 | D:4      | Reached XP level 6. HP: 20/28 MP: 7/7
  5959 | D:4      | Reached skill level 10 in Stealth
  6169 | D:5      | Entered Level 5 of the Dungeon
  6243 | D:5      | Found a staircase to the Ecumenical Temple.
  6330 | D:5      | HP: 1/28 [kobold/+0 dagger (1)]
  6331 | D:5      | Succumbed to a kobold brigand's curare-tipped dart

Illustrated notes

Levels and vault maps discovered:
D:1:      dpeg_arrival_short_road, layout_basic
D:2:      layout_loops_ring
D:3:      layout_basic
D:4:      layout_basic, nicolae_gozag_cash_rules_everything_around_me,
          cheibrodos_ashenzari_chains, serial_corexii_hall,
          corexii_hall_statues_x, chequers_hall_statues_corner_a,
          corexii_hall_statues_t
D:5:      layout_basic, minmay_temple_entry_sparse_star

Skill      XL: |  1  2  3  4  5  6 |
---------------+-------------------+-----
Stealth        | 4 5 6 9 10 | 10.3
Fighting       | |  3.0
Dodging        | |  4.0
Unarmed Combat | |  3.0

Action                   |  1- 3 |  4- 6 || total
-------------------------+-------+-------++-------
Melee: Unarmed           |    90 |   106 ||   196
       Bite              |     8 |    13 ||    21
       Punch             |     2 |     5 ||     7
  Use: Potion            |       |     2 ||     2
 Stab: Sleeping          |     9 |    13 ||    22
Armor: Skin              |     6 |     4 ||    10
Dodge: Dodged            |    64 |    65 ||   129
